 Dungeon Crawl Stone Soup version 0.31-a0-600-g62dffe198b (webtiles) character file.

Game seed: 2624268415653267497

15 AdnanSaban the Shield-Bearer (level 2, -3/19 HPs)
             Began as a Gargoyle Fighter on Aug 21, 2023.
             Frozen to death by an endoplasm (5 damage)
             ... on level 1 of the Dungeon.
             The game lasted 00:00:44 (281 turns).

AdnanSaban the Shield-Bearer (Gargoyle Fighter)      Turns: 281, Time: 00:00:45

Health: -3/19      AC: 13    Str: 19    XL:     2   Next: 50%
Magic:  2/2        EV:  9    Int:  8    God:
Gold:   18         SH:  4    Dex:  9    Spells: 1/1 levels left

rFire   . . .        a - +0 flail
rCold   . . .        c - +0 buckler
rNeg    + . .        b - +0 scale mail
rPois   ∞            (no helmet)
rElec   +            f - +0 cloak
rCorr   .            e - +1 pair of gloves
SInv    .            (no boots)
Will    .....        (no amulet) Stlth
                     (no ring)
HPRegen 0.23/turn    (no ring)
MPRegen 0.08/turn

%: no passive effects
@: no status effects
A: sickness immunity, AC +2, negative energy resistance 1, electricity
resistance, torment resistance 1, petrification resistance
a: no special abilities


You were on level 1 of the Dungeon.
You visited 1 branch of the dungeon, and saw 1 of its levels.

You collected 18 gold pieces.

Inventory:

Hand Weapons
 a - a +0 flail (weapon)
Armour
 b - a +0 scale mail (worn)
 c - a +0 buckler (worn)
 e - a +1 pair of gloves (worn)
 f - a +0 cloak (worn)
Potions
 d - a potion of might


   Skills:
 + Level 3.4 Fighting
 + Level 2.2 Maces & Flails
 + Level 3.5 Armour
 + Level 0.1 Dodging
 + Level 3.5 Shields


You had one spell level left.
You didn't know any spells.
Your spell library contained the following spells:

 Spells                   Type           Power      Damage    Failure   Level
 Magic Dart               Conj           0%         1d3       85%         1
 Call Imp                 Summ           0%         N/A       94%         2
 Mephitic Cloud           Conj/Pois/Air  0%         N/A       99%         3


Dungeon Overview and Level Annotations

Branches:
Dungeon (1/15)

Altars:

Shops:
D:1 =


Innate Abilities, Weirdness & Mutations

You are immune to sickness and miasma.
Your stone body is resilient. (AC +2)
You are immune to poison.
You resist negative energy. (rN+)
You are resistant to electric shocks. (rElec)
You are resistant to unholy torment.
You are immune to petrification.


Message History

You are too injured to fight recklessly!
You are too injured to fight recklessly!
You are too injured to fight recklessly!
Unknown command.
The ball python bites you but does no damage.
You block the ball python's attack.
The quokka bites you but does no damage.
The ball python attacks as it pursues you!
The ball python barely misses you. The ball python closely misses you.
The ball python attacks as it pursues you!
The ball python bites you.
* * * LOW HITPOINT WARNING * * *
The ball python barely misses you.
You see here a bat corpse.
The ball python attacks as it pursues you!
You block the ball python's attack. The ball python closely misses you.
You are too injured to fight recklessly!
You hit the ball python.
The ball python is moderately wounded.
The ball python bites you.
* * * LOW HITPOINT WARNING * * *
The ball python grabs you. The ball python constricts you.
The ball python bites you but does no damage.
The ball python constricts you.
The endoplasm jiggles.
You closely miss the ball python.
The ball python is moderately wounded.
The ball python barely misses you. The ball python constricts you.
You hit the ball python.
You kill the ball python!
The quokka barely misses you.
You hit the quokka.
You kill the quokka!
The endoplasm freezes you.
You are frozen.
* * * LOW HITPOINT WARNING * * *
You barely miss the endoplasm. The endoplasm freezes you.
You are frozen.
You die...

.#..#.....∩#
#....#....#.#
#.#..#..#.#.#
#.......#.#.#
#####...#.).#
#.......#
######...###
###........#
....####@#........
#.....#J########=
#....#K######..
#...K#........#
#......####
#...........
#....###....
#.##?.. ### #.
.....


You could see an endoplasm and a kobold.

Vanquished Creatures
  3 goblins (D:1)
  4 jackals (D:1)
  2 quokkas (D:1)
  A ball python (D:1)
  A bat (D:1)
  A frilled lizard (D:1)
  A rat (D:1)
13 creatures vanquished.

Notes
Turn   | Place    | Note
-------+----------+-------------------------------------------
     0 | D:1      | AdnanSaban the Gargoyle Fighter began the quest for the
                  | Orb.
     0 | D:1      | Reached XP level 1. HP: 14/14 MP: 1/1
   119 | D:1      | Reached XP level 2. HP: 19/19 MP: 2/2
   243 | D:1      | Found Xoismu's Jewellery Shop.
   281 | D:1      | Frozen to death by an endoplasm

Illustrated notes

Levels and vault maps discovered:
D:1:      sevenhm_arrival_forest_fort_large_4, layout_basic, serial_shops, shop,
          minmay_misc_feat_columns

Action                     || total
---------------------------++-------
  Melee: Flail             ||    58
 Armour: Scale mail        ||   100
  Dodge: Dodged            ||    79
  Block: Buckler           ||    36

Table legend: (Time is in decaauts)
 A = Elapsed time spent in this place.
 B = Non-inter-level travel time spent in this place.
 C = Inter-level travel time spent in this place.
 D = Time resting spent in this place.
 E = Time spent auto-exploring this place.
 F = Levels seen in this place.
 G = Mean time per level.
                   A        B        C        D        E       F      G
               +--------+--------+--------+--------+--------+-----+--------+
         Total |    299 |    241 |     58 |      0 |    119 |   1 |  299.0 |
       Dungeon |    299 |    241 |     58 |      0 |    119 |   1 |  299.0 |
               +--------+--------+--------+--------+--------+-----+--------+

Top non-repeatable levels by time:
     D:1: 299 daAuts
